 Dungeon Crawl Stone Soup version 0.29-a0-43-g62a80824bf (webtiles) character file.

Game seed: 9467084468364834228

240 testman the Insei (level 6, -1/43 HPs)
             Began as an Octopode Transmuter on Feb 2, 2022.
             Slain by Pargi (8 damage)
             ... on level 3 of the Dungeon.
             The game lasted 00:10:05 (3697 turns).

testman the Insei (Octopode Transmuter)             Turns: 3697, Time: 00:10:06

Health: -1/43      AC:  1    Str: 11    XL:     6   Next: 8%
Magic:  9/9        EV: 13    Int: 15    God:
Gold:   122        SH:  0    Dex: 13    Spells: 6/9 levels left

rFire   + . .      SeeInvis .     - Unarmed
rCold   . . .      Faith    .   (no shield)
rNeg    . . .      Spirit   .   (helmet currently unavailable)
rPois   .          Reflect  .   (no amulet)
rElec   .          Harm     .   j - ring of protection from fire
rCorr   .          Rampage  .   (no ring)
Will    .....                   (no ring)
Stlth   ++........              (no ring)
HPRegen 0.14/turn               (no ring)
MPRegen 0.11/turn               (no ring)
                                (no ring)
                                (no ring)

@: appendages (expiring)
A: tentacle spike 3, almost no armour, amphibious, 8 rings, camouflage 1,
gelatinous body 1, (nimble swimmer 1), tentacles
a: End Transformation


You were on level 3 of the Dungeon.
One of your tentacles had grown a beastly spike.
You visited 1 branch of the dungeon, and saw 3 of its levels.
You also visited: Sewer.

You collected 122 gold pieces.

Inventory:

Missiles
 a - 34 stones
 f - 6 poisoned darts
Jewellery
 j - a ring of protection from fire (left tentacle)
Scrolls
 b - 2 scrolls of identify
 c - a scroll of holy word {unknown}
 i - a scroll of blinking {unknown}
 k - 2 scrolls of teleportation {unknown}
Potions
 d - 2 potions of berserk rage
 e - 2 potions of lignification
 g - a potion of ambrosia {unknown}
 h - a potion of brilliance {unknown}
 l - a potion of mutation {unknown}
 m - 2 potions of magic {unknown}
 n - a potion of curing {unknown}
 o - 2 potions of attraction {unknown}
 p - a potion of degeneration {unknown}
 q - a potion of heal wounds


   Skills:
 + Level 4.1 Fighting
 - Level 2.0 Dodging
 + Level 5.1 Unarmed Combat
 - Level 2.0 Spellcasting
 + Level 2.0 Transmutations


You had 6 spell levels left.
You knew the following spells:

 Your Spells              Type           Power      Damage    Failure   Level
a - Beastly Appendage     Tmut           14%        N/A       10%         1
b - Wereblood             Tmut           7%         N/A       14%         2

Your spell library contained the following spells:

 Spells                   Type           Power      Damage    Failure   Level
 Spider Form              Tmut/Pois      4%         N/A       41%         3
 Ice Form                 Ice/Tmut       4%         N/A       82%         4


Dungeon Overview and Level Annotations

Branches:
Dungeon (3/15)              Sewer (visited)

Altars:
Dithmenos

Shops:
D:1 (

Annotations:
D:3 Pargi


Innate Abilities, Weirdness & Mutations

One of your tentacles has grown a beastly spike.
You cannot wear most types of armour.
You are amphibious.
You can wear up to eight rings at the same time.
Your skin changes colour to match your surroundings (Stealth+).
Your rubbery body absorbs attacks. (AC +1, EV +1)
((You are camouflaged when in or above water. (Stealth+)))
You have tentacles for arms and can constrict up to eight enemies at once.


Message History

Your grab misses the kobold.
You pierce the kobold, but do no damage.
The kobold barely misses you.
You tentacle-slap the kobold.
You kill the kobold!
You barely miss Pargi. Your squeeze misses Pargi. Pargi bites you.
Pargi claws you. Pargi closely misses you.
You tentacle-slap Pargi.
Your tentacle spike misses Pargi.
Pargi is lightly wounded.
Pargi barely misses you. Pargi claws you. x2
You closely miss Pargi.
Your tentacle spike misses Pargi.
Pargi is lightly wounded.
Pargi bites you! Pargi closely misses you. Pargi claws you but does no damage.
You barely miss Pargi.
You pierce Pargi.
You squeeze Pargi.
Pargi is moderately wounded.
Your tentacle spike disappears.
Pargi barely misses you. x2; Pargi misses you.
Casting: Beastly Appendage (safe; 10% risk of failure)
Press: ? - help, Q - select action, (/) - cycle Dir - look around, f - activate One of your tentacles grows a vicious spike.
Pargi misses you. Pargi claws you. x2
You closely miss Pargi.
Your tentacle spike misses Pargi.
Pargi is lightly wounded.
Pargi barely misses you. Pargi claws you. x2
You tentacle-slap Pargi but do no damage.
Your squeeze misses Pargi.
Pargi is lightly wounded.
You barely miss Pargi.
You pierce Pargi.
You tentacle-slap Pargi.
Pargi is moderately wounded.
Pargi snarls, "Go!
Away!"
Pargi bites you.
* * * LOW HITPOINT WARNING * * *
Pargi misses you. Pargi claws you.
* * * LOW HITPOINT WARNING * * *
Your transformation is almost over.
Pargi snarls, "My home!
Leave!"
There is a stone staircase leading up here.
Pargi hisses menacingly.
Pargi bites you!
You die...

#..................#
#........†......# .
##......†.......##
..####.....†....#...#
#.......)#####.<.#≈≈≈#
#............#...#≈≈≈#
#........###.##..#≈≈≈#
#........###.##..#≈≈≈#
#.........##..#.@#≈.≈#
#.#######.###...T#≈≈≈#
#. #.####.#.#≈≈≈#
#........#≈≈÷#
######.#.#≈≈≈#
#..<#...####
##..........#
#..##....##..
#.#####..#


You could see Pargi.

Vanquished Creatures
  A water moccasin (Sewer)
  Terence (D:3)
  Robin (D:2)
  2 adders (D:2)
  A worm (D:2)
  2 dart slugs (D:1)
  2 ball pythons
  10 bats
  4 endoplasms
  2 giant cockroaches
  7 hobgoblins
  5 jackals
  6 quokkas
  4 frilled lizards
  10 goblins
  A kobold (D:3)
  3 rats
62 creatures vanquished.

Notes
Turn   | Place    | Note
-------+----------+-------------------------------------------
     0 | D:1      | testman the Octopode Transmuter began the quest for the
                  | Orb.
     0 | D:1      | Reached XP level 1. HP: 13/13 MP: 3/3
   453 | D:1      | Reached XP level 2. HP: 18/18 MP: 3/5
   477 | D:1      | Found Xienluywk's Antique Weapon Boutique.
  1352 | D:2      | Noticed a scorpion
  1446 | D:2      | Reached XP level 3. HP: 22/24 MP: 4/6
  2059 | D:2      | Noticed Robin
  2434 | D:2      | Reached skill level 4 in Unarmed Combat
  2434 | D:2      | Reached XP level 4. HP: 20/30 MP: 5/7
  2437 | D:2      | Killed Robin
  3080 | D:3      | Found a glowing drain.
  3100 | Sewer    | Entered a sewer
  3185 | Sewer    | Noticed a water moccasin
  3193 | Sewer    | HP: 1/31 [water moccasin (6)]
  3195 | Sewer    | Killed a water moccasin
  3196 | Sewer    | Reached XP level 5. HP: 14/37 MP: 6/8
  3539 | D:3      | Noticed Terence
  3550 | D:3      | Killed Terence
  3551 | D:3      | Reached skill level 5 in Unarmed Combat
  3551 | D:3      | Reached XP level 6. HP: 32/43 MP: 9/9
  3556 | D:3      | Learned a level 2 spell: Wereblood
  3664 | D:3      | Found a shadowy altar of Dithmenos.
  3665 | D:3      | Noticed Pargi
  3697 | D:3      | Slain by Pargi

Illustrated notes

Levels and vault maps discovered:
D:1:      dpeg_arrival_tiny_h, layout_rooms, serial_shops, shop_statue,
          minmay_tetromino_i4
D:2:      layout_loops_ring, roderic_roman_lattice, uniq_robin
D:3:      layout_rooms, nicolae_dithmenos_through_a_glass_darkly,
          serial_corexii_hall, chequers_hall_statues_corner_a,
          corexii_hall_statues_u, corexii_hall_statues_i, portal_sewer_entry_f,
          uniq_pargi, uniq_natasha, uniq_terence

Skill      XL: |  1  2  3  4  5 |
---------------+----------------+-----
Fighting       | 2 3 4 |  4.1
Unarmed Combat | 4 5 |  5.1
Dodging        | |  2.0
Spellcasting   | |  2.0
Transmutations | |  2.0

Action                   |  1- 3 |  4- 6 || total
-------------------------+-------+-------++-------
Melee: Unarmed           |    68 |    72 ||   140
       Kick              |    14 |    18 ||    32
       Constrict         |    18 |    14 ||    32
       Tentacles         |     8 |     9 ||    17
       Punch             |     1 |     4 ||     5
 Cast: Beastly Appendage |    16 |    12 ||    28
  Use: Potion            |       |     2 ||     2
       Scroll            |       |     1 ||     1
 Stab: Sleeping          |     1 |     1 ||     2
Armor: Skin              |    13 |     9 ||    22
Dodge: Dodged            |    51 |    55 ||   106

Table legend: (Time is in decaauts)
 A = Elapsed time spent in this place.
 B = Non-inter-level travel time spent in this place.
 C = Inter-level travel time spent in this place.
 D = Time resting spent in this place.
 E = Time spent auto-exploring this place.
 F = Levels seen in this place.
 G = Mean time per level.
                   A        B        C        D        E       F      G
               +--------+--------+--------+--------+--------+-----+--------+
         Total |   3686 |   3514 |    172 |   1570 |   1237 |   4 |  921.5 |
       Dungeon |   3283 |   3111 |    172 |   1256 |   1231 |   3 | 1094.3 |
         Sewer |    402 |    402 |      0 |    314 |      6 |   1 |  402.0 |
               +--------+--------+--------+--------+--------+-----+--------+

Top non-repeatable levels by time:
     D:2: 1740 daAuts
     D:1: 1331 daAuts
   Sewer: 402 daAuts
     D:3: 211 daAuts
